 Dungeon Crawl Stone Soup version 0.29-a0-517-gbdf32494f2 (webtiles) character file.

Game seed: 3695430726781474468

2 Spectrina the Ducker (level 1, 0/13 HPs)
             Began as a Deep Elf Monk on May 31, 2022.
             Slain by a kobold
             ... wielding a +0 dagger
              (1 damage)
             ... on level 1 of the Dungeon.
             The game lasted 00:00:41 (111 turns).

Spectrina the Ducker (Deep Elf Monk)                 Turns: 111, Time: 00:00:41

Health: 0/13       AC:  2    Str:  8    XL:     1   Next: 33%
Magic:  3/3        EV: 13    Int: 14    God:
Gold:   16         SH:  0    Dex: 17    Spells: 0/0 levels left

rFire   . . .      SeeInvis .   e - +0 quarterstaff
rCold   . . .      Faith    .   (shield currently unavailable)
rNeg    . . .      Spirit   .   b - +0 robe
rPois   .          Reflect  .   (no helmet)
rElec   .          Harm     .   (no cloak)
rCorr   .          Rampage  .   (no gloves)
Will    .....                   (no boots)
Stlth   ++........              (no amulet)
HPRegen 0.04/turn               (no ring)
MPRegen 0.08/turn               (no ring)

@: no status effects
A: no striking features
a: no special abilities


You were on level 1 of the Dungeon.
You visited 1 branch of the dungeon, and saw 1 of its levels.

You collected 16 gold pieces.

Inventory:

Hand Weapons
 a - a +0 falchion
 e - a +0 quarterstaff (weapon)
Armour
 b - a +0 robe (worn)
Scrolls
 d - a scroll of immolation {unknown}
Potions
 c - a potion of ambrosia


   Skills:
 - Level 2.4 Fighting
 - Level 2.8 Long Blades
 + Level 0.4 Staves
 - Level 3.6 Dodging
 - Level 2.4 Stealth


You couldn't memorise any spells.
You didn't know any spells.
Your spell library was empty.

Dungeon Overview and Level Annotations

Branches:
Dungeon (1/15)

Altars:


Message History

You now have 16 gold pieces (gained 13).
Found a quarterstaff.
You see here a +0 quarterstaff.
e - a +0 quarterstaff
Found a spear.
A kobold comes into view. It is wielding a +0 dagger.
Found a stone staircase leading down.
The kobold shouts!
The kobold throws a stone.
The stone closely misses you.
Okay, then.
Unknown command.
e - a +0 quarterstaff (weapon)
An endoplasm comes into view.
The kobold throws a stone.
The stone hits you but does no damage.
The endoplasm moves out of view.
Found a stone staircase leading down.
The kobold throws a stone.
The stone closely misses you.
Unknown command.
The kobold throws a stone.
The stone barely misses you.
The kobold throws a stone.
The stone hits you but does no damage. The endoplasm hits you.
There is a stone staircase leading down here.
You hit the endoplasm.
The endoplasm is moderately wounded.
The kobold throws a stone.
The stone hits you but does no damage. The endoplasm freezes you.
You are frozen.
The endoplasm freezes you.
You are frozen.
You hit the endoplasm.
You kill the endoplasm!
Unknown command.
The kobold completely misses you.
You hit the kobold but do no damage. The kobold closely misses you.
You hit the kobold but do no damage. The kobold hits you with a +0 dagger.
* * * LOW HITPOINT WARNING * * *
The kobold hits you with a +0 dagger.
* * * LOW HITPOINT WARNING * * *
You hit the kobold but do no damage. The kobold hits you with a +0 dagger.
You die...

#)#.# #...##
#...## # #...# .#
####.#.###.#
##....#...#.#
#..######...#####
##.## #........#
#..# #>@K......
#.## #........#
#######.#
#...##...#
........# #...#
...8 .########
#...# ..# ##
#...# .# ....#
#...#


You could see a kobold.

Vanquished Creatures
  An endoplasm (D:1)
  A giant cockroach (D:1)
2 creatures vanquished.

Notes
Turn   | Place    | Note
-------+----------+-------------------------------------------
     0 | D:1      | Spectrina the Deep Elf Monk began the quest for the Orb.
     0 | D:1      | Reached XP level 1. HP: 13/13 MP: 3/3
   111 | D:1      | Slain by a kobold

Illustrated notes

Levels and vault maps discovered:
D:1:      nagdon_arrival_zigzag_paths, layout_rooms, serial_corexii_hall,
          corexii_hall_statues_t, chequers_hall_statues_corner_a, serial_shops,
          nicolae_shop_crystal, feat_on_display

Action                   || total
-------------------------++-------
Melee: Quarterstaff      ||     5
       Falchion          ||     2
Armor: Robe              ||     3
Dodge: Dodged            ||     5

Table legend: (Time is in decaauts)
 A = Elapsed time spent in this place.
 B = Non-inter-level travel time spent in this place.
 C = Inter-level travel time spent in this place.
 D = Time resting spent in this place.
 E = Time spent auto-exploring this place.
 F = Levels seen in this place.
 G = Mean time per level.
                   A        B        C        D        E       F      G
               +--------+--------+--------+--------+--------+-----+--------+
         Total |    112 |    112 |      0 |      0 |      0 |   1 |  112.0 |
       Dungeon |    112 |    112 |      0 |      0 |      0 |   1 |  112.0 |
               +--------+--------+--------+--------+--------+-----+--------+

Top non-repeatable levels by time:
     D:1: 112 daAuts
